 Dungeon Crawl Stone Soup version 0.30-a0-1163-gf69bf04e7a (webtiles) character file.

Game seed: 1415752481469213646

5113 BubbleThief the Basher (level 10, -7/104 HPs)
             Began as a Naga Cinder Acolyte on Apr 28, 2023.
             Was a High Priest of Ignis.
             Mangled by a two-headed ogre
             ... wielding a +0 giant club
              (15 damage)
             ... on level 8 of the Dungeon.
             The game lasted 00:15:52 (6774 turns).

BubbleThief the Basher (Naga Cinder Acolyte)        Turns: 6774, Time: 00:15:53

Health: -7/104     AC:  8    Str: 25    XL:     10   Next: 58%
Magic:  10/13      EV:  9    Int: 16    God:    Ignis [*****.]
Gold:   478        SH:  0    Dex:  7    Spells: 12/14 levels left

rFire   + + .        e - +2 whip (heavy)
rCold   . . .        (no shield)
rNeg    . . .        p - +1 troll leather armour {Pargi}
rPois   +            (no helmet)
rElec   .            E - +1 cloak
rCorr   .            (no gloves)
SInv    +            (no barding)
Will    +....        (no amulet)
Stlth   +            r - ring of protection from fire
HPRegen 1.17/turn    z - +6 ring of strength
MPRegen 0.13/turn

%: no passive effects
@: very slightly contaminated, very slow
A: AC +3, large, see invisible, deformed body, poison resistance, slowness 2,
spit poison 1, naga tail 1
a: Spit Poison, Renounce Religion, Fiery Armour, Foxfire Swarm, Rising Flame


You were on level 8 of the Dungeon.
You worshipped Ignis.
Ignis was extremely pleased with you.
You visited 1 branch of the dungeon, and saw 8 of its levels.
You also visited: Ossuary.

You collected 478 gold pieces.

Inventory:

Hand Weapons
 a - a -1 mace of flaming
 e - a +2 heavy whip (weapon)
 k - a +0 mace of protection
Armour
 c - a +2 leather armour of willpower
 p - a +1 troll leather armour (worn) {Pargi}
 E - a +1 cloak (worn)
Jewellery
 r - a ring of protection from fire (left hand)
 v - a ring of resist corrosion
 y - a ring of fire
 z - a +6 ring of strength (right hand)
 C - a ring of positive energy
Wands
 o - a wand of flame (20)
 s - a wand of light (11)
 A - a wand of mindburst (15)
 B - a wand of paralysis (4)
 D - a wand of roots (15)
Scrolls
 d - a scroll of identify
 i - 2 scrolls of fear
 m - 2 scrolls of immolation
 u - 4 scrolls of teleportation
Potions
 b - a potion of haste
 f - 2 potions of might
 g - a potion of lignification {unknown}
 h - 2 potions of attraction
 j - 3 potions of flight
 l - 2 potions of resistance
 n - 3 potions of curing
 q - 3 potions of brilliance
 t - 2 potions of mutation
 w - 3 potions of heal wounds
 x - a potion of degeneration


   Skills:
 + Level 11.1 Fighting
 + Level 11.1 Maces & Flails
 - Level 2.5 Spellcasting
 - Level 3.0 Fire Magic


You had 12 spell levels left.
You knew the following spells:

 Your Spells              Type           Power      Damage    Failure   Level
a - Scorch                Fire           22%        2d5       10%         2

Your spell library contained the following spells:

 Spells                   Type           Power      Damage    Failure   Level
 Volatile Blastmotes      Fire/Tloc      12%        2d11      36%         3
 Frozen Ramparts          Ice            4%         1d1       56%         3
 Fulminant Prism          Conj/Hex       1%         3d5       92%         4
 Ice Form                 Ice/Tmut       2%         N/A       92%         4
 Iskenderun's Mystic Bla  Conj/Tloc      2%         2d3       92%         4
 Summon Ice Beast         Ice/Summ       2%         N/A       92%         4
 Lee's Rapid Deconstruct  Erth           1%         3d4*      99%         5


Dungeon Overview and Level Annotations

Branches:
Dungeon (8/15)             Temple (0/1) D:5         Ossuary (visited)
   Lair: D:8-11

Altars:
Dithmenos
Elyvilon
Fedhas
Nemelex Xobeh
Ru
Sif Muna
Uskayaw
Xom

Shops:
D:2 !!

Annotations:
D:3 3 runed translucent doors, BlasphemerAmon's ghost, amateur MfCK; BlasphemerAmon's ghost, weakling HODe; mnelsen79's ghost, amateur TrGl; xian's ghost, amateur VSEn
D:5 2 transporters, hgbash's ghost, novice GrEE


Innate Abilities, Weirdness & Mutations

Your serpentine skin is tough. (AC +3)
You have supernaturally acute eyesight. (SInv)
Armour fits poorly on your strangely shaped body.
Your system is resistant to poisons. (rPois)
You cover ground very slowly.
You can spit poison.
You have a snake-like lower body.


Message History

Unknown command.
Casting: Scorch (safe; 10% risk of failure)
Confirm with . or Enter, or press ? or * to list all spells.
Flames lash the two-headed ogre.
The two-headed ogre is lightly wounded.
The two-headed ogre's fire resistance burns away.
The two-headed ogre hits you with a +0 giant club!!
The two-headed ogre barely misses you.
You hit the two-headed ogre.
The two-headed ogre is moderately wounded.
You whack the two-headed ogre!
The two-headed ogre is heavily wounded.
The two-headed ogre hits you but does no damage.
The two-headed ogre hits you with a +0 giant club.
You whack the two-headed ogre!
The two-headed ogre is almost dead.
You closely miss the two-headed ogre.
The two-headed ogre is almost dead.
You have got your breath back.
The two-headed ogre hits you with a +0 giant club.
The two-headed ogre hits you with a +0 giant club!!
Unknown command.
Casting: Scorch (safe; 10% risk of failure)
Confirm with . or Enter, or press ? or * to list all spells.
You miscast Scorch.
You are very lightly contaminated with residual magic.
Nothing appears to happen.
The two-headed ogre is no longer more vulnerable to fire.
The two-headed ogre hits you with a +0 giant club!!
* * * LOW HITPOINT WARNING * * *
The two-headed ogre hits you with a +0 giant club!
* * * LOW HITPOINT WARNING * * *
You hit the two-headed ogre but do no damage.
The two-headed ogre is almost dead.
The two-headed ogre looks more healthy.
You hit the two-headed ogre but do no damage.
The two-headed ogre is almost dead.
The two-headed ogre closely misses you.
The two-headed ogre hits you with a +0 giant club!
You die...

#### ## ..# #..
#.# #... #.###
### #....#...#
#.#
#....O@>.####.#
#....##.....#.#
####
##...#.#<####
#.............#
###........##.#
#....##.....#
#......[#.####
##..#...#.#
......#####


You could see a two-headed ogre.

Vanquished Creatures
  A two-headed ogre (D:6)
  Prince Ribbit (D:6)
  Sigmund (D:6)
  Eustachio (D:5)
  A wyvern (D:7)
  Menkaure (D:4)
  3 water moccasins
  Pargi (D:3)
  A black bear (D:4)
  4 ice beasts
  An ogre (D:5)
  A centaur (D:6)
  3 phantoms
  3 kobold brigands
  3 bullfrogs
  2 elf zombies (Ossuary)
  Blork the orc (D:6)
  2 scorpions
  20 killer bees
  2 howler monkeys
  A centaur zombie (Ossuary)
  A jelly (D:6)
  A human zombie (Ossuary)
  6 orc priests
  5 hounds
  Ijyb (D:3)
  A gnoll bouda (D:7)
  9 orc wizards
  Terence (D:3)
  An iguana (D:5)
  2 mummies (Ossuary)
  3 gnolls (D:7)
  4 adders
  2 shadow imps
  2 adder zombies (Ossuary)
  A worm (D:5)
  3 dart slugs
  26 orcs
  10 endoplasms
  4 giant cockroaches
  11 goblins
  15 hobgoblins
  3 jackals (D:1)
  6 quokkas
  2 ball pythons
  2 bats
  4 frilled lizards
  A goblin zombie (Ossuary)
  5 hobgoblin zombies (Ossuary)
  A jackal zombie (Ossuary)
  19 kobolds
  7 kobold zombies (Ossuary)
  16 orc zombies (Ossuary)
  3 rats (D:2)
232 creatures vanquished.

Vanquished Creatures (others)
  4 fungi (D:2)
  16 plants
  2 withered plants (D:3)
22 creatures vanquished.

Grand Total: 254 creatures vanquished

Notes
Turn   | Place    | Note
-------+----------+-------------------------------------------
     0 | D:1      | BubbleThief the Naga Cinder Acolyte began the quest for the
                  | Orb.
     0 | D:1      | Reached XP level 1. HP: 21/21 MP: 2/2
   170 | D:1      | Reached XP level 2. HP: 10/28 MP: 3/3
   174 | D:1      | Learned a level 2 spell: Scorch
   595 | D:1      | Reached XP level 3. HP: 34/34 MP: 5/5
  1253 | D:2      | Found Sargh's Distillery.
  1533 | D:2      | Reached XP level 4. HP: 5/44 MP: 5/7
  1627 | D:2      | Reached XP level 5. HP: 21/50 MP: 4/8
  1736 | D:2      | Found a faded altar of an unknown god.
  1981 | D:2      | Found Xelog's Distillery.
  2150 | D:3      | Noticed Ijyb
  2161 | D:3      | Killed Ijyb
  2290 | D:3      | Noticed Pargi
  2300 | D:3      | Killed Pargi
  2301 | D:3      | Reached XP level 6. HP: 31/60 MP: 4/9
  2433 | D:3      | Reached skill level 5 in Maces & Flails
  2505 | D:3      | Reached skill level 5 in Fighting
  2619 | D:3      | Noticed Terence
  2629 | D:3      | Killed Terence
  2750 | D:3      | Found a runed translucent gate.
  2750 | D:3      | Found a runed translucent gate.
  2750 | D:3      | Found a runed translucent gate.
  2751 | D:3      | Noticed BlasphemerAmon's ghost (weakling HODe)
  2751 | D:3      | Noticed BlasphemerAmon's ghost (amateur MfCK)
  2751 | D:3      | Noticed mnelsen79's ghost (amateur TrGl)
  2751 | D:3      | Noticed xian's ghost (amateur VSEn)
  2956 | D:4      | Reached XP level 7. HP: 66/67 MP: 5/10
  3164 | D:4      | Found a shimmering altar of Xom.
  3258 | D:4      | Noticed Menkaure
  3272 | D:4      | Killed Menkaure
  3540 | D:4      | Reached XP level 8. HP: 73/78 MP: 11/11
  3821 | D:5      | Entered Level 5 of the Dungeon
  3873 | D:5      | Noticed Eustachio
  3910 | D:5      | Killed Eustachio
  3941 | D:5      | Found a staircase to the Ecumenical Temple.
  3954 | D:5      | Found a sand-covered staircase.
  3987 | Ossuary  | Entered an ossuary
  4499 | D:5      | Reached XP level 9. HP: 88/88 MP: 12/12
  4580 | D:5      | Found a transporter.
  4580 | D:5      | Found a transporter.
  4867 | D:5      | Noticed hgbash's ghost (novice GrEE)
  4952 | D:6      | Noticed Prince Ribbit
  4969 | D:6      | Killed Prince Ribbit
  5231 | D:6      | Noticed Sigmund
  5233 | D:6      | Identified the +0 scale mail of Lethargy {Str+4 Int+2
                  | Stlth+}
  5236 | D:6      | Killed Sigmund
  5289 | D:6      | Found a shadowy altar of Dithmenos.
  5437 | D:6      | Noticed Blork the orc
  5438 | D:6      | Noticed a two-headed ogre
  5448 | D:6      | Killed a two-headed ogre
  5451 | D:6      | Killed Blork the orc
  5454 | D:6      | Identified the +0 hand axe "Jaclem" {speed, Will+ Str+3
                  | Int-5}
  5586 | D:6      | Reached skill level 10 in Maces & Flails
  5588 | D:6      | Reached skill level 10 in Fighting
  5588 | D:6      | Reached XP level 10. HP: 100/102 MP: 1/13
  5661 | D:6      | Identified the +5 quarterstaff "Zaemeg" {pain, rPois rF-
                  | rC+ Str+2}
  6455 | D:7      | Found a sacrificial altar of Ru.
  6455 | D:7      | Found a blossoming altar of Fedhas.
  6455 | D:7      | Found a shimmering blue altar of Sif Muna.
  6455 | D:7      | Found a white marble altar of Elyvilon.
  6500 | D:7      | Found a sparkling altar of Nemelex Xobeh.
  6500 | D:7      | Found a hide-covered altar of Uskayaw.
  6765 | D:8      | Noticed a two-headed ogre
  6774 | D:8      | Mangled by a two-headed ogre

Illustrated notes

Levels and vault maps discovered:
D:1:      lightli_arrival_maybe_door_vault, layout_loops_corners
D:2:      layout_loops_ring, serial_shops, nicolae_shop_industrial_runoff, shop,
          shapermc_ecumenical_altar_mp_ritualfount
D:3:      layout_rooms, gammafunk_ghost_cemetery, uniq_terence, uniq_pargi,
          uniq_ijyb
D:4:      cheibrodos_thug_alley, layout_loops_ring, mainiacjoe_overflow_paths,
          grunt_ministairs_8, uniq_menkaure, uniq_robin
D:5:      layout_basic, minmay_temple_entry_statues, enter_ossuary_3,
          gammafunk_ghost_gnarly_gnolls, uniq_eustachio
D:6:      layout_rooms, lemuel_crystal_altar, uniq_sigmund, uniq_blork_the_orc,
          uniq_prince_ribbit1
D:7:      layout_basic, minmay_overflow_temple_hex, minmay_joined_circles
D:8:      layout_basic, serial_shops, shop, minmay_sticks_and_stones

Skill      XL: |  1  2  3  4  5  6  7  8  9 10 |
---------------+-------------------------------+-----
Spellcasting   | 2 |  2.5
Maces & Flails | 4 5 6 8 10 11 | 11.1
Fighting       | 4 5 6 8 10 11 | 11.1
Fire Magic     | |  3.0

Action                     |  1- 3 |  4- 6 |  7- 9 | 10-12 || total
---------------------------+-------+-------+-------+-------++-------
  Melee: Mace              |    34 |       |       |       ||    34
         Whip              |    48 |    52 |   349 |   132 ||   581
         Punch             |       |       |     4 |     2 ||     6
   Cast: Scorch            |       |    13 |    38 |    13 ||    64
 Invoke: Fiery Armour      |       |     1 |     1 |     1 ||     3
Ability: Spit Poison       |    40 |    25 |    38 |    15 ||   118
  Evoke: Wand              |       |     2 |     1 |     4 ||     7
    Use: Scroll            |       |       |     9 |     9 ||    18
 Armour: Robe              |     7 |    10 |       |       ||    17
         Troll leather arm |       |     5 |   147 |    67 ||   219
  Dodge: Dodged            |    36 |    18 |   218 |    65 ||   337

Table legend: (Time is in decaauts)
 A = Elapsed time spent in this place.
 B = Non-inter-level travel time spent in this place.
 C = Inter-level travel time spent in this place.
 D = Time resting spent in this place.
 E = Time spent auto-exploring this place.
 F = Levels seen in this place.
 G = Mean time per level.
                   A        B        C        D        E       F      G
               +--------+--------+--------+--------+--------+-----+--------+
         Total |   8382 |   8096 |    286 |    118 |   6380 |   9 |  931.3 |
       Dungeon |   8005 |   7719 |    286 |    118 |   6215 |   8 | 1000.6 |
       Ossuary |    376 |    376 |      0 |      0 |    165 |   1 |  376.0 |
               +--------+--------+--------+--------+--------+-----+--------+

Top non-repeatable levels by time:
     D:1: 1372 daAuts
     D:2: 1262 daAuts
     D:7: 1256 daAuts
     D:4: 1185 daAuts
     D:5: 1040 daAuts
     D:6: 941 daAuts
     D:3: 918 daAuts
 Ossuary: 376 daAuts
     D:8: 27 daAuts
